 Dungeon Crawl Stone Soup version 0.23.2-40-g277498a001 (webtiles) character file.

Game seed: 859801247484264832

1036 Gildeon the Stinger (level 8, -18/62 HPs)
             Began as a Naga Venom Mage on Oct 18, 2019.
             Demolished by Menkaure (24 damage)
             ... on level 5 of the Dungeon on Oct 21, 2019.
             The game lasted 00:29:40 (4590 turns).

Gildeon the Stinger (Naga Venom Mage)               Turns: 4590, Time: 00:29:40

Health: -18/62     AC:  6    Str: 12    XL:     8   Next: 24%
Magic:  14/14      EV: 10    Int: 17    God:
Gold:   211        SH:  6    Dex: 11    Spells: 5/15 levels left

rFire    . . .     SeeInvis +   E - +1 flail (drain)
rCold    . . .     Gourm    .   p - +2 buckler
rNeg     . . .     Faith    .   a - +1 robe
rPois    +         Spirit   .   (no helmet)
rElec    .         Reflect  .   (no cloak)
rCorr    .         Harm     .   (no gloves)
MR       +....                  (no barding)
Stlth    +++.......             i - amulet of regeneration
HPRegen  0.60/turn              l - +2 ring of protection
MPRegen  0.14/turn              (no ring)

@: lightly drained, very slow
A: large, see invisible, deformed body, poison resistance, slowness 2, slow
metabolism 1, spit poison 1, AC +2
a: Spit Poison


You were on level 5 of the Dungeon.
You were not hungry.

You visited 1 branch of the dungeon, and saw 5 of its levels.

You collected 211 gold pieces.

Inventory:

Hand Weapons
 g - a +1 flail of holy wrath
 m - a +1 dagger of venom
 E - a +1 flail of draining (weapon)
Armour
 a - a +1 robe (worn)
 p - a +2 buckler (worn)
 v - a +0 chain mail
 x - a +0 ring mail
 y - a +0 leather armour
 B - a +0 large shield
Jewellery
 i - an amulet of regeneration (around neck)
 l - a +2 ring of protection (left hand)
Wands
 q - a wand of polymorph (12)
 w - a wand of random effects (12)
Scrolls
 e - 6 scrolls of teleportation
 f - 3 scrolls of remove curse
 j - 3 scrolls of enchant armour
 k - 4 scrolls of identify {unknown}
 o - 2 scrolls of magic mapping {unknown}
 s - a scroll of blinking {unknown}
 t - 2 scrolls of amnesia {unknown}
Potions
 b - a potion of flight {unknown}
 d - 2 potions of resistance {unknown}
 h - 2 potions of lignification {unknown}
 n - a potion of ambrosia {unknown}
 r - 3 potions of curing {unknown}
 u - 2 potions of brilliance {unknown}
 z - a potion of cancellation {unknown}
 C - a potion of degeneration {unknown}
 D - a potion of berserk rage {unknown}
Comestibles
 c - 10 rations
 A - a chunk of flesh


   Skills:
 + Level 3.7(3.2) Dodging
 - Level 5.0(4.5) Stealth
 + Level 2.5(2.0) Shields
 + Level 4.3(3.8) Spellcasting
 + Level 4.1(3.6) Conjurations
 + Level 2.8(2.3) Air Magic
 - Level 5.0(4.4) Poison Magic


You had 5 spell levels left.
You knew the following spells:

 Your Spells              Type           Power        Failure   Level  Hunger
a - Sting                 Conj/Pois      ###.         3%          1    None
b - Poisonous Vapours     Pois/Air       ##....       6%          2    ##.....
c - Mephitic Cloud        Conj/Pois/Air  ###.....     12%         3    ###....
d - Olgreb's Toxic Radia  Pois           ###.....     26%         4    ####...

Your spell library contained the following spells:

 Spells                   Type           Power        Failure   Level  Hunger
 Confusing Touch          Hex            #.....       17%         1    None
 Confuse                  Hex            #.......     45%         3    ###....
 Gell's Gravitas          Tloc           #.........   45%         3    ###....
 Venom Bolt               Conj/Pois      ###.......   65%         5    ######.
 Petrify                  Tmut/Erth      #.......     86%         4    ####...
 Metabolic Englaciation   Hex/Ice        #.........   99%         5    ######.
 Yara's Violent Unravell  Hex/Tmut       #.........   99%         5    ######.


Dungeon Overview and Level Annotations

Branches:
Dungeon (5/15)
 Temple: D:4-7

Altars:
Fedhas
Makhleb
Sif Muna
Uskayaw
Yredelemnul
The Shining One

Annotations:
D:4 Eustachio
D:5 Menkaure


Innate Abilities, Weirdness & Mutations

You cannot wear boots.
Your serpentine skin is tough. (AC +2)
You have supernaturally acute eyesight. (SInv)
Armour fits poorly on your strangely shaped body.
Your system is resistant to poisons. (rPois)
You cover ground very slowly.
You have a slow metabolism.
You can spit poison.


Message History

You hit Menkaure.
Menkaure is severely damaged.
Menkaure calls on the powers of darkness!
Your body is wracked with pain!
* * * LOW HITPOINT WARNING * * *
You barely miss Menkaure.
Menkaure is severely damaged.
Menkaure closely misses you. Menkaure barely misses you.
Okay, then.
Okay, then.
You hit Menkaure.
Menkaure is severely damaged.
Menkaure calls on the powers of darkness!
Your body is wracked with pain!
* * * LOW HITPOINT WARNING * * *
Menkaure misses you.
You closely miss Menkaure.
Menkaure is severely damaged.
Menkaure hits you!!
You die...

..# #. #.# ## ## ...
#. #.# #.# # #.# #..
#.#.# #.# #.# ### #M#
#.# #.. ##@## #.# #.#
#...# #.# #.# #...#
#.#########.. #...#
#(##....(....
#####.####.#..###'###.
#.............# #.# #.
#.########.#..###.###.
#.# #.#..'.._###. #.#
#.##.###.###.


You could see Menkaure.

Vanquished Creatures
  Sigmund (D:4)
  Edmund (D:5)
  An ogre (D:4)
  A centaur (D:5)
  A crimson imp (D:5)
  4 hounds
  5 orc wizards
  2 orc priests (D:4)
  A bullfrog skeleton (D:4)
  A worker ant (D:4)
  5 adders
  An ooze (D:3)
  3 worms
  2 dart slugs
  3 leopard geckos
  21 orcs
  6 bats
  5 giant cockroaches
  11 goblins
  6 hobgoblins
  11 jackals
  10 kobolds
  4 quokkas
  2 ball pythons (D:2)
  8 frilled lizards
  A leopard gecko zombie (D:5)
  7 rats
124 creatures vanquished.

Notes
Turn   | Place    | Note
-------+----------+-------------------------------------------
     0 | D:1      | Gildeon the Naga Venom Mage began the quest for the Orb.
     0 | D:1      | Reached XP level 1. HP: 15/15 MP: 3/3
   264 | D:1      | Reached XP level 2. HP: 22/22 MP: 1/5
   268 | D:1      | Learned a level 2 spell: Poisonous Vapours
  1060 | D:1      | Reached XP level 3. HP: 26/28 MP: 3/6
  1096 | D:1      | Learned a level 3 spell: Mephitic Cloud
  1317 | D:2      | Reached XP level 4. HP: 33/36 MP: 0/7
  2061 | D:3      | Reached XP level 5. HP: 42/42 MP: 0/9
  2231 | D:3      | Reached skill level 5 in Poison Magic
  2283 | D:3      | Found a glowing golden altar of the Shining One.
  2900 | D:3      | Found a basalt altar of Yredelemnul.
  3121 | D:4      | Reached skill level 5 in Stealth
  3146 | D:4      | Found a hide-covered altar of Uskayaw.
  3203 | D:4      | Reached XP level 6. HP: 49/49 MP: 10/10
  3209 | D:4      | Learned a level 4 spell: Olgreb's Toxic Radiance
  3348 | D:4      | Reached skill level 1 in Shields
  3353 | D:4      | Noticed Sigmund
  3609 | D:4      | Reached skill level 1 in Air Magic
  3653 | D:4      | Noticed Eustachio
  3734 | D:4      | Reached XP level 7. HP: 44/55 MP: 4/12
  3950 | D:4      | Killed Sigmund
  4105 | D:5      | Entered Level 5 of the Dungeon
  4215 | D:5      | Reached XP level 8. HP: 62/62 MP: 14/14
  4245 | D:5      | Found a blossoming altar of Fedhas.
  4293 | D:5      | Found a burning altar of Makhleb.
  4346 | D:5      | Noticed Edmund
  4372 | D:5      | Killed Edmund
  4395 | D:5      | Found a deep blue altar of Sif Muna.
  4572 | D:5      | Noticed Menkaure
  4590 | D:5      | Demolished by Menkaure

Skill      XL: |  1  2  3  4  5  6  7  8 |
---------------+-------------------------+-----
Dodging        | 2 3 |  3.7
Stealth        | 4 5 |  5.0
Conjurations   | 2 3 4 |  4.1
Poison Magic   | 5 |  5.0
Spellcasting   | 3 4 |  4.3
Shields        | 1 2 |  2.5
Air Magic      | 1 2 |  2.8

Action                   |  1- 3 |  4- 6 |  7- 9 || total
-------------------------+-------+-------+-------++-------
Melee: Club              |    12 |       |       ||    12
       Short sword       |     5 |       |       ||     5
       Dagger            |     8 |   129 |    86 ||   223
       Flail             |       |       |     8 ||     8
 Cast: Sting             |    50 |    99 |    43 ||   192
       Mephitic Cloud    |       |       |     1 ||     1
  Use: Scroll            |     3 |       |       ||     3
 Stab: Sleeping          |       |    11 |     2 ||    13
       Confused          |       |       |     1 ||     1
  Eat: Chunk             |     1 |     7 |     3 ||    11
Armor: Robe              |     6 |    35 |    16 ||    57
Dodge: Dodged            |    26 |    70 |    48 ||   144
Block: Buckler           |       |    15 |    27 ||    42
